 Dungeon Crawl Stone Soup version 0.31-a0-174-g85c54bcb58 (webtiles) character file.

Game seed: 10780939980072335328

125 qw the Shooter (level 5, 0/32 HPs)
             Began as a Gargoyle Hunter on June 15, 2023.
             Was an Initiate of Okawaru.
             Killed by nerve-wracking pain
             ... invoked by Grinder
              (1 damage)
             ... on level 3 of the Dungeon.
             The game lasted 00:00:37 (1462 turns).

qw the Shooter (Gargoyle Hunter)                    Turns: 1462, Time: 00:00:37

Health: 0/32       AC: 11    Str: 15    XL:     5   Next: 9%
Magic:  5/5        EV: 11    Int:  9    God:    Okawaru [......]
Gold:   122        SH:  0    Dex: 15    Spells: 4/4 levels left

rFire   . . .        Y - +0 shortbow
rCold   . . .        (shield currently unavailable)
rNeg    + . .        h - +0 ring mail
rPois   inf          g - +0 helmet
rElec   +            (no cloak)
rCorr   .            d - +0 pair of gloves
SInv    .            (no boots)
Will    .....        (no amulet)
Stlth   +            (no ring)
HPRegen 0.25/turn    (no ring)
MPRegen 0.09/turn

%: no passive effects
@: no status effects
A: sickness immunity, AC +4, negative energy resistance 1, electricity
resistance, torment resistance 1, petrification resistance
a: Renounce Religion


You were on level 3 of the Dungeon.
You worshipped Okawaru.
Okawaru was noncommittal.
You visited 1 branch of the dungeon, and saw 3 of its levels.

You collected 122 gold pieces.


Innate Abilities, Weirdness & Mutations

You are immune to sickness and miasma.
Your stone body is resilient. (AC +4)
You are immune to poison.
You resist negative energy. (rN+)
You are resistant to electric shocks. (rElec)
You are resistant to unholy torment.
You are immune to petrification.


   Skills:
 - Level 3.0 Fighting
 + Level 5.8 Ranged Weapons
 - Level 1.0 Armour
 - Level 1.5 Dodging
 - Level 1.1 Stealth


You had 4 spell levels left.
You didn't know any spells.
Your spell library was empty.

Inventory:

Hand Weapons
 Y - a +0 shortbow (weapon)
Armour
 d - a +0 pair of gloves (worn)
 g - a +0 helmet (worn)
 h - a +0 ring mail (worn)
Jewellery
 e - a ring of fire
Scrolls
 f - a scroll of enchant armour {unknown}
 i - a scroll of revelation {unknown}
 k - a scroll of identify {unknown}
Potions
 a - a potion of berserk rage {unknown}
 b - a potion of magic {unknown}
 c - a potion of lignification {unknown}
 j - a potion of heal wounds {unknown}

Dungeon Overview and Level Annotations

Branches:
Dungeon (3/15)

Altars:
Okawaru

Annotations:
D:3 1 runed translucent door, Grinder; Ijyb; qw's ghost, amateur GrFi


Message History

Grinder hits you but does no damage. Ijyb barely misses you.
You shoot an arrow. The arrow barely misses Ijyb.
Grinder gestures at you. You resist with significant effort.
Ijyb hits you but does no damage.
You shoot an arrow. The arrow hits Ijyb but does no damage.
Ijyb is heavily wounded.
Grinder gestures at you. You resist with significant effort.
Ijyb hits you but does no damage.
You shoot an arrow. The arrow closely misses Ijyb.
Grinder hits you but does no damage. Ijyb hits you but does no damage.
You shoot an arrow. The arrow barely misses Ijyb.
Grinder hits you but does no damage. Ijyb barely misses you.
Ijyb hits you but does no damage. Grinder hits you.
You writhe in agony.
You shoot an arrow. The arrow hits Ijyb.
Ijyb is heavily wounded.
Grinder gestures at you.
You suddenly lose the ability to move!
Ijyb hits you with a +0 dagger.
Grinder blinks!
Ijyb hits you but does no damage. Ijyb hits you with a +0 dagger.
Ijyb hits you but does no damage.
You can move again.
You shoot an arrow. The arrow hits Ijyb but does no damage.
Ijyb is heavily wounded.
Grinder blinks!
Ijyb hits you but does no damage.
You shoot an arrow. The arrow hits Ijyb but does no damage.
Ijyb is heavily wounded.
Ijyb hits you with a +0 dagger.
You shoot an arrow. The arrow hits Ijyb.
Ijyb is severely wounded.
Ijyb closely misses you.
You shoot an arrow. The arrow hits Ijyb.
Ijyb is almost dead.
Grinder hits you but does no damage. Ijyb completely misses you.
Ijyb misses you. Grinder gestures at you. Pain shoots through your body!
You shoot an arrow. The arrow barely misses Ijyb.
Grinder gestures at you. Pain shoots through your body!
You die...

#...%.......................#
#.#################.....###.#
##)#### # #..##.###.# ......#
#. #..##...#.# ......# #.
#.^.......## ......# #.
##.####....### ......# #. #.#
#.#.%...
##.########.##.######.##
#.#.....
#..[...........@.......
#.######
########.###.##g5###### #.# #
#.# ..... ..# #.# #.#.### ###
#.# #. .# #.# #. .#
#########.# #. .# <...%.....#
#. .# ###########


You could see Grinder and Ijyb.

Vanquished Creatures
  An orc priest (D:3)
  5 adders
  2 worms (D:2)
  A dart slug (D:1)
  2 orcs (D:3)
  5 bats
  An endoplasm (D:1)
  2 giant cockroaches
  5 goblins
  3 hobgoblins
  A quokka (D:1)
  A ball python (D:3)
  5 frilled lizards
  3 kobolds
  3 rats
40 creatures vanquished.

Notes
Turn   | Place    | Note
-------+----------+-------------------------------------------
     0 | D:1      | qw the Gargoyle Hunter began the quest for the Orb.
     0 | D:1      | Reached XP level 1. HP: 12/12 MP: 1/1
     0 | D:1      | 0 ||| qw: Version: 0.2-a-29-g511e9b1
     0 | D:1      | 0 ||| qw: Game counter: 5613
     0 | D:1      | 0 ||| qw: Always use a shield: true
     0 | D:1      | 0 ||| qw: God list: Okawaru
     0 | D:1      | 0 ||| qw: Allow faded altars: false
     0 | D:1      | 0 ||| qw: Do Orc after D:15 true
     0 | D:1      | 0 ||| qw: Do second Lair branch before Depths: true
     0 | D:1      | 0 ||| qw: Lair rune preference: random
     0 | D:1      | 0 ||| qw: Plans: Normal, Zot:1-4, Slime:5, God:TSO, Crypt,
                  | Tomb, Abyss, Pan, Hells, Win
     0 | D:1      | 0 ||| PLANNING D:1-11
    79 | D:1      | Reached XP level 2. HP: 17/17 MP: 2/2
   659 | D:1      | 659 ||| READING scroll labelled NEUBBU MOROCH.
   664 | D:1      | 664 ||| DROPPING scroll of butterflies.
   683 | D:2      | Reached XP level 3. HP: 19/21 MP: 3/3
   705 | D:2      | Reached skill level 5 in Ranged Weapons
   720 | D:2      | Found an iron altar of Okawaru.
   721 | D:2      | 721 ||| PLANNING OKAWARU WORSHIP
   721 | D:2      | 721 ||| UPGRADING to +0 pair of gloves.
   726 | D:2      | 726 ||| READING scroll labelled JAMIOP GEIKHAPLOD.
   735 | D:2      | Became a worshipper of Warmaster Okawaru
   736 | D:2      | 736 ||| PLANNING D:1-11
   907 | D:2      | Reached skill level 3 in Fighting
   947 | D:2      | Reached XP level 4. HP: 28/28 MP: 4/4
  1074 | D:2      | 1074 ||| UPGRADING to +0 helmet.
  1079 | D:2      | 1079 ||| UPGRADING to +0 ring mail.
  1089 | D:2      | 1089 ||| DROPPING +0 leather armour.
  1090 | D:2      | 1090 ||| READING 2 scrolls labelled ATRUSO XYLA.
  1091 | D:2      | 1091 ||| DROPPING scroll of blinking.
  1195 | D:3      | Reached skill level 1 in Armour
  1289 | D:3      | Found a runed translucent door.
  1294 | D:3      | Noticed qw's ghost (amateur GrFi)
  1403 | D:3      | Reached XP level 5. HP: 32/32 MP: 5/5
  1421 | D:3      | Noticed Ijyb
  1424 | D:3      | Noticed Grinder
  1434 | D:3      | Paralysed by Grinder for 2 turns
  1440 | D:3      | Paralysed by Grinder for 5 turns
  1454 | D:3      | Paralysed by Grinder for 4 turns
  1459 | D:3      | HP: 8/32 [Ijyb/+0 dagger (3)]
  1461 | D:3      | HP: 1/32 [Grinder/nerve-wracking pain (7)]
  1462 | D:3      | Killed from afar by Grinder

Levels and vault maps discovered:
D:1:      spicycebolla_arrival_xxxplode, layout_loops_cross,
          serial_bayou_crossing
D:2:      layout_rooms, basic_altar
D:3:      layout_basic, ebering_ghost_reflecting_pool, uniq_ijyb, uniq_grinder

Skill      XL: |  1  2  3  4 |
---------------+-------------+-----
Ranged Weapons | 5 |  5.8
Fighting       | 3 |  3.0
Armour         | 1 |  1.0
Dodging        | |  1.5
Stealth        | |  1.1

Action                     |  1- 3 |  4- 6 || total
---------------------------+-------+-------++-------
   Fire: Shortbow          |    71 |    75 ||   146
    Use: Scroll            |     2 |     1 ||     3
 Armour: Leather armour    |     7 |       ||     7
         Ring mail         |       |    45 ||    45
  Dodge: Dodged            |    15 |    23 ||    38

Table legend:
 A = Non-vault XP
 B = Vault XP
 C = Vault XP percentage of total XP
 D = Non-vault monster count
 E = Vault monster count
 F = Vault count percentage of total count
                 A         B        C        D         E       F
            +---------+---------+-------+---------+---------+-------
      Total |     179 |       0 |   0.0 |      40 |       0 |   0.0
            +---------+---------+-------+---------+---------+-------
        D:1 |      23 |       0 |   0.0 |      14 |       0 |   0.0
        D:2 |      69 |       0 |   0.0 |      16 |       0 |   0.0
        D:3 |      87 |       0 |   0.0 |      10 |       0 |   0.0
            +---------+---------+-------+---------+---------+-------
